 Dungeon Crawl Stone Soup version 0.30-a0-586-g23e55c9e0a (webtiles) character file.

Game seed: 8142477164546999881

49 cforsyth the Ruffian (level 3, -2/33 HPs)
             Began as a Ghoul Monk on Jan 3, 2023.
             Slain by an ogre
             ... wielding a +0 giant club
              (4 damage)
             ... on level 4 of the Dungeon.
             The game lasted 00:01:45 (1599 turns).

cforsyth the Ruffian (Ghoul Monk)                   Turns: 1599, Time: 00:01:46

Health: -2/33      AC: 11    Str: 16    XL:     3   Next: 77%
Magic:  2/2        EV:  5    Int:  5    God:
Gold:   125        SH:  0    Dex: 11    Spells: 2/2 levels left

rFire   . . .      SeeInvis .      - Unarmed
rCold   + . .      Faith    .    (no shield)
rNeg    + + +      Spirit   .    g - +0 plate armour
rPois   ∞          Reflect  .    (no helmet)
rElec   .          Harm     .    c - +0 cloak
rCorr   .          Rampage  .    (no gloves)
Will    .....                    (no boots) Stlth
                                 (no amulet)
HPRegen 0.00/turn                (no ring)
MPRegen 0.08/turn                (no ring)

@: inhibited regen
A: claws 1, cold resistance 1, negative energy resistance 3, inhibited
regeneration, torment resistance 2, devour on kill
a: no special abilities


You were on level 4 of the Dungeon.
You visited 1 branch of the dungeon, and saw 3 of its levels.

You collected 125 gold pieces.

Inventory:

Armour
 c - a +0 cloak (worn)
 g - a +0 plate armour (worn)
Wands
 n - a wand of flame (13)
Scrolls
 d - a scroll of fear {unknown}
 h - a scroll of noise {unknown}
 i - a scroll of amnesia {unknown}
 k - a scroll of fog {unknown}
Potions
 a - a potion of magic {unknown}
 b - a potion of ambrosia
 e - a potion of degeneration {unknown}
 f - a potion of berserk rage {unknown}
 j - 3 potions of curing {unknown}
 l - a potion of heal wounds {unknown}
 m - a potion of flight {unknown}


   Skills:
 + Level 4.1 Fighting
 + Level 0.7 Armour
 - Level 2.6 Dodging
 - Level 2.1 Stealth
 + Level 4.1 Unarmed Combat


You had 2 spell levels left.
You didn't know any spells.
Your spell library contained the following spells:

 Spells                   Type           Power      Damage    Failure   Level
 Freeze                   Ice            0%         1d3       100%        1
 Slow                     Hex            0%         N/A       100%        1
 Scorch                   Fire           0%         2d5       100%        2
 Confusing Touch          Hex            0%         N/A       100%        3
 Frozen Ramparts          Ice            0%         1d1       100%        3
 Gell's Gravitas          Tloc           0%         N/A       100%        3
 Hailstorm                Conj/Ice       0%         3d3       100%        3
 Teleport Other           Tloc           0%         N/A       100%        3
 Vampiric Draining        Necr           0%         2d6       100%        3
 Flame Wave               Conj/Fire      0%         2d4       100%        4
 Dispersal                Tloc           0%         N/A       100%        6
 Summon Cactus Giant      Summ           0%         N/A       100%        6


Dungeon Overview and Level Annotations

Branches:
Dungeon (2/15)

Altars:

Shops:
D:2 [(


Innate Abilities, Weirdness & Mutations

You are immune to poison.
You have sharp fingernails.
Your flesh is cold resistant. (rC+)
You are immune to negative energy. (rN+++)
You do not regenerate when monsters are visible.
You are immune to unholy pain and torment.
You thrive by killing the living.


Message History

You now have 125 gold pieces (gained 12).
n - a wand of flame (13)
A kobold and an ogre come into view.
The kobold shouts!
The ogre shouts!
You hear an angry hiss.
An adder comes into view.
The kobold moves out of view.
There are monsters nearby!
There are monsters nearby!
You barely miss the ogre. The ogre hits you with a +0 giant club!
You scratch the ogre.
The ogre is lightly wounded.
You claw the ogre!
The ogre is heavily wounded.
The ogre closely misses you.
You scratch the ogre.
The ogre is heavily wounded.
The ogre hits you but does no damage.
You scratch the ogre but do no damage. You claw the ogre, but do no damage.
The ogre is heavily wounded.
You barely miss the ogre.
The ogre is heavily wounded.
The ogre hits you with a +0 giant club!!
Ouch! That really hurt!
* * * LOW HITPOINT WARNING * * *
You are too injured to fight recklessly!
You are too injured to fight recklessly!
You are too injured to fight recklessly!
You are too injured to fight recklessly!
You are too injured to fight recklessly!
You are too injured to fight recklessly!
You are too injured to fight recklessly!
You are too injured to fight recklessly!
You are too injured to fight recklessly!
You are too injured to fight recklessly!
You claw the ogre!
The ogre is severely wounded.
You scratch the ogre.
The ogre is almost dead.
The ogre hits you with a +0 giant club.
You die...

#.#.. #.#.# #.# ##
#.#.# #.##.. #.#.##
#.... #$#..# #..# #.#
..######.#..###.# ##..
#...............####...
.####...##.....##.....
#@#####........... #O##
#..##.#.....


#KS #.###..#.... ...# ##.####.###.. .... #........###. ##... #..###....###. #..
.## ####..... #.. .. ###..##.. .# ###...###.. You could see an ogre, an adder
and a kobold.

Vanquished Creatures
  An ufetubus (D:4)
  An orc (D:4)
  6 ball pythons
  7 endoplasms
  2 giant cockroaches
  5 goblins
  2 hobgoblins (D:1)
  4 kobolds (D:1)
  4 quokkas (D:1)
  2 frilled lizards
  4 rats
38 creatures vanquished.

Vanquished Creatures (others)
  3 plants (D:2)
3 creatures vanquished.

Grand Total: 41 creatures vanquished

Notes
Turn   | Place    | Note
-------+----------+-------------------------------------------
     0 | D:1      | cforsyth the Ghoul Monk began the quest for the Orb.
     0 | D:1      | Reached XP level 1. HP: 19/19 MP: 0/0
   153 | D:1      | Reached XP level 2. HP: 14/26 MP: 1/1
   693 | D:1      | Reached XP level 3. HP: 33/33 MP: 2/2
  1308 | D:2      | Found Yfeyll's Antique Armour Shop.
  1340 | D:2      | Found Illumauw's Antique Weapon Boutique.
  1445 | D:2      | You fall into a shaft and drop 2 floors!
  1589 | D:4      | Noticed an ogre
  1599 | D:4      | Slain by an ogre

Illustrated notes

Levels and vault maps discovered:
D:1:      heliophobic_arrival_ceremonial_halls, layout_loops_corners,
          chequers_jeans, minmay_surrounded
D:2:      layout_loops_ring, serial_shops, shop,
          nicolae_shop_overgrown_old_shop, nicolae_shop_trees
D:4:      mumra_celtic_spiral_tile, layout_layer_cave, general_overflow_altar,
          ebering_ghost_rock_garden

Skill      XL: |  1  2  3 |
---------------+----------+-----
Unarmed Combat | 4 |  4.1
Fighting       | 4 |  4.1
Armour         | |  0.7
Dodging        | |  2.6
Stealth        | |  2.1

Action                   || total
-------------------------++-------
Melee: Unarmed           ||   118
       Punch             ||     3
 Stab: Sleeping          ||     1
Armor: Robe              ||     8
       Plate armour      ||    38
Dodge: Dodged            ||    42

Table legend: (Time is in decaauts)
 A = Elapsed time spent in this place.
 B = Non-inter-level travel time spent in this place.
 C = Inter-level travel time spent in this place.
 D = Time resting spent in this place.
 E = Time spent auto-exploring this place.
 F = Levels seen in this place.
 G = Mean time per level.
                   A        B        C        D        E       F      G
               +--------+--------+--------+--------+--------+-----+--------+
         Total |   1589 |   1530 |     59 |      0 |   1248 |   3 |  529.7 |
       Dungeon |   1589 |   1530 |     59 |      0 |   1248 |   3 |  529.7 |
               +--------+--------+--------+--------+--------+-----+--------+

Top non-repeatable levels by time:
     D:1: 1020 daAuts
     D:2: 417 daAuts
     D:4: 151 daAuts
